Cogmind - Beta 15 @@@ ROGUE MODE // 2025.10.20 @ 00:00:45 Player: gookmind Result: Self-destructed Performance ------------- Evolutions (3) 1500 Regions Visited (6) 1200 Robots Destroyed (23) 115 Value Destroyed (440) 440 Prototype IDs (29) 580 Alien Tech Used (0) 0 Bonus (568) 568 TOTAL SCORE: 4403 Bonus ------- Follower Combat Kills 268 Aligned with FarCom 300 Cogmind --------- Core Integrity 637/700 Matter 300/300 Energy 55/140 System Corruption 3% Temperature Hot (256) Movement Hovering (38) Location -7/Factory Parts ------- > --- POWER (1) -------- Light Deuterium Engine > --- PROPULSION (4) --- Cooled Airjet Cooled Airjet Cooled Airjet Cooled Airjet > --- UTILITY (6) ------ Improved Sensor Array Seismic Detector Core Analyzer Hacking Suite System Shield > --- WEAPON (2) ------- Guided Plasma Cannon > --- INVENTORY (5) ---- Improved Cesium-ion Thruster Advanced Terrain Scan Processor YOLO Cannon Deploy-a-Sentry Peak State ------------ > --- POWER ------------ Light Deuterium Engine > --- PROPULSION ------- Cooled Airjet Cooled Airjet Cooled Airjet Cooled Airjet > --- UTILITY ---------- Improved Sensor Array Seismic Detector Core Analyzer Energy Filter System Shield System Shield > --- WEAPON ----------- Guided Plasma Cannon Mini Assault Cannon > --- INVENTORY -------- Advanced Terrain Scan Processor Recalibrator YOLO Cannon Deploy-a-Sentry [Rating: 57] Favorites ----------- Power Light Deuterium Engine Engine Light Deuterium Engine Propulsion Cooled Airjet Treads Light Treads Leg Aluminum Leg Hover Unit Cooled Airjet Flight Unit Improved Flight Unit Utility Core Analyzer Device Seismic Detector Storage Small Storage Unit Processor Core Analyzer Hackware System Shield Weapon Guided Plasma Cannon Energy Gun EM Pulse Gun Energy Cannon Guided Plasma Cannon Ballistic Gun Autogun Ballistic Cannon Mini Assault Cannon Launcher Grenade Launcher Impact Weapon Mace Build | -11 -10 -10 -10 -9 -8 -7 ------- Run | Yrd Mat Min Exi Min Mat Fac Slots Evolved 6 | . . . . . 4 2 Power . | . . . . . . . Propulsion 2 | . . . . . 2 . Utility 4 | . . . . . 2 2 Weapon . | . . . . . . . Parts Attached 39 | . 3 1 1 3 15 16 Power 2 | . . . . . . 2 Engine 2 | . . . . . . 2 Core . | . . . . . . . Reactor . | . . . . . . . Propulsion 11 | . 2 . . . 4 5 Treads 3 | . 2 . . . 1 . Leg . | . . . . . . . Wheel . | . . . . . . . Hover 5 | . . . . . 1 4 Flight 3 | . . . . . 2 1 Utility 16 | . . . . 2 7 7 Device 7 | . . . . 1 2 4 Storage . | . . . . . . . Processor 5 | . . . . 1 4 . Hackware 4 | . . . . . 1 3 Protection . | . . . . . . . Artifact . | . . . . . . . Weapon 10 | . 1 1 1 1 4 2 Energy Gun 2 | . 1 . . . 1 . Energy Cannon 3 | . . . 1 . 2 . Ballistic Gun 2 | . . . . 1 1 . Ballistic Cannon 1 | . . . . . . 1 Launcher 1 | . . 1 . . . . Special Weapon . | . . . . . . . Impact Weapon 1 | . . . . . . 1 Slashing Weapon . | . . . . . . . Piercing Weapon . | . . . . . . . Special Melee Weapon . | . . . . . . . Unidentified Prototypes 6 | . . . . . 3 3 Parts Lost 2 | . . . . . 1 1 Power . | . . . . . . . Propulsion . | . . . . . . . Utility 2 | . . . . . 1 1 Weapon . | . . . . . . . Highest Loss Streak 1 | . . . . . 1 1 To Critical Strikes . | . . . . . . . Average Backups 2 | . 4 2 2 2 2 2 Power . | . . . . . . . Propulsion . | . 2 1 . . . . Utility . | . . . . . . 1 Weapon 1 | . 1 1 1 2 2 1 Tool/Special . | . . . . . . . Unused Backups 15 | . 12 . 1 . 1 1 Power 2 | . 2 . . . . . Propulsion 5 | . 4 . 1 . . . Utility 3 | . 2 . . . . 1 Weapon 5 | . 4 . . . 1 . Tool/Special . | . . . . . . . Average Slot Usage (%) 67 | . 70 42 34 52 59 84 Engine 1 | . 12 . . . . 3 Treads 13 | . 4 28 28 28 20 1 Hover 11 | . . . . . . 27 Flight 4 | . . . . . 9 1 Device 11 | . . . . 8 6 20 Processor 12 | . . . . 8 16 13 Hackware 3 | . . . . . . 8 Energy Cannon 1 | . . . . . . 3 Ballistic Gun 3 | . 20 . . 5 5 . Launcher 1 | . . 14 6 . . . Impact Weapon 1 | . . . . . . 2 Peak Build Rating 57 | . 6 3 10 15 40 57 Average Rating 27 | . 4 3 4 11 19 45 On Entrance 8 | 6 6 3 3 6 15 22 Naked Turns . | . . . . . . . Heaviest Build 24 | 13 13 3 3 3 11 24 Greatest Support 48 | 20 20 40 3 3 40 48 Greatest Overweight (x) 4 | . 4 . . . 3 . Average Overweight (x) . | . 1 . . . . . Largest Inventory Capacity 8 | . 8 5 5 5 5 5 Average Capacity 5 | . 7 5 5 5 5 5 Most Carried 8 | . 8 2 5 5 5 5 Average Carried 4 | . 4 2 3 5 4 4 Final Capacity 8 | 8 5 5 5 5 5 5 Final Carried 6 | 6 2 2 5 5 5 5 Class Distribution -------------------- 77% | Mutant 22% | Hacker-Mutant Dominant Class ---------------- Mutant | -10/Materials Mutant | -10/Mines Mutant | -10/Exiles Mutant | -9/Mines Mutant | -8/Materials Hacker-Mutant | -7/Factory Resources | -11 -10 -10 -10 -9 -8 -7 ----------- Run | Yrd Mat Min Exi Min Mat Fac Matter Collected 867 | 200 . . . 111 336 220 Remotely . | . . . . . . . Salvage Created 662 | . . 11 . . 229 422 Parts 38 | . . 4 . . 13 21 Haulers Intercepted 3 | . . . . . 2 1 Recyclers Shooed 2 | . . . . . 2 . Parts Field Recycled . | . . . . . . . Retrieved Matter . | . . . . . . . Parts Self-Destructed . | . . . . . . . Prevented . | . . . . . . . Kills | -11 -10 -10 -10 -9 -8 -7 ------- Run | Yrd Mat Min Exi Min Mat Fac Combat Hostiles Destroyed 11 | . . 3 . . 3 5 Cannons 6 | . . . . . 1 5 AOE 5 | . . 3 . . 2 . Classes Destroyed 7 | . . 1 . . 3 3 Worker 3 | . . . . . 3 . Tunneler 1 | . . . . . . 1 Hauler 3 | . . . . . 2 1 Recycler 2 | . . . . . 1 1 Watcher 3 | . . . . . . 3 Swarmer 7 | . . 3 . . 3 1 Programmer 4 | . . . . . . 4 Best Kill Streak 3 | . . 3 . . 3 2 Combat Bots Only 3 | . . 3 . . 3 2 Max Kills in Single Turn 2 | . . 2 . . 2 1 Gunslinging . | . . . . . . . Exploded 2 | . . 2 . . 2 . Melee . | . . . . . . . Uniques/NPCs Destroyed . | . . . . . . . Combat | -11 -10 -10 -10 -9 -8 -7 -------- Run | Yrd Mat Min Exi Min Mat Fac Hostile Shots Fired 111 | . . 4 . 1 36 70 Missed 58 | . . 2 . . 16 40 Hits 53 | . . 2 . 1 20 30 Projectile 53 | . . 2 . 1 20 30 Critical Strikes 1 | . . . . . . 1 Damage Taken 590 | . . 15 . 10 246 319 Core 71 | . . 8 . . . 63 Absorbed by Shields . | . . . . . . . Regen/Repaired (Parts) 35 | . . . . . 35 . Core Remaining (%) 98 | 100 . . . 96 100 . Volleys Fired 96 | . . 3 . 1 48 44 Largest 1 | . . 1 . 1 1 1 Hottest 120 | . . 30 . 20 120 120 Shots Fired 96 | . . 3 . 1 48 44 Gun 38 | . . . . 1 37 . Cannon 55 | . . . . . 11 44 Launcher 3 | . . 3 . . . . Special . | . . . . . . . Kinetic 38 | . . . . 1 37 . Thermal 55 | . . . . . 11 44 Explosive 3 | . . 3 . . . . Electromagnetic . | . . . . . . . Robot Hit Streak 13 | . . 1 . . 9 13 Robot Miss Streak 3 | . . 1 . 1 3 . Penetration Max . | . . . . . . . Secondary Targets . | . . . . . . . Shots Hit Robots 42 | . . 1 . . 27 14 Core Hits 22 | . . 3 . . 10 9 Critical Kills 1 | . . . . . . 1 Critical Parts Destroyed . | . . . . . . . Critical Strikes 1 | . . . . . . 1 Smash 1 | . . . . . . 1 Melee Attacks 22 | . . . . . . 22 Impact 22 | . . . . . . 22 Slashing . | . . . . . . . Piercing . | . . . . . . . Sneak Attacks 3 | . . . . . . 3 Combat Hostiles . | . . . . . . . Follow-up Attacks . | . . . . . . . Damage Inflicted 2070 | . . 148 . . 755 1167 Guns 346 | . . . . . 346 . Cannons 884 | . . . . . 224 660 Explosions 319 | . . 148 . . 171 . Melee 507 | . . . . . . 507 Ramming 14 | . . . . . 14 . Kinetic 346 | . . . . . 346 . Thermal 1055 | . . . . . 395 660 Explosive 148 | . . 148 . . . . Electromagnetic . | . . . . . . . Impact 507 | . . . . . . 507 Slashing . | . . . . . . . Piercing . | . . . . . . . Highest Corruption 3 | . . . . . 1 3 Average Corruption 1 | . . . . . 1 2 Corruption Purged . | . . . . . . . Corruption Blocked . | . . . . . . . Effects 5 | . . . . . 2 3 Message Errors 2 | . . . . . 1 1 Energy Discharges 1 | . . . . . . 1 Data Loss (major) 2 | . . . . . 1 1 Overload Shots . | . . . . . . . Overflow Damage 148 | . . . . . 44 104 Projectiles 49 | . . . . . 44 5 Explosions . | . . . . . . . Melee 99 | . . . . . . 99 Knockbacks 1 | . . . . . . 1 Impact 1 | . . . . . . 1 Kinetic . | . . . . . . . Secondary . | . . . . . . . Self-Inflicted Damage 6 | . . . . . 6 . Shots . | . . . . . . . Rammed 2 | . . . . . 2 . Targets Rammed 2 | . . . . . 2 . Kicked . | . . . . . . . Crushed . | . . . . . . . Highest Temperature 320 | . . . . . 174 320 Average Temperature 81 | . . . . . 69 84 Received Heat Transfer 93 | . . . . 6 45 42 Siege Activations . | . . . . . . . Martial Activations . | . . . . . . . Shielding Activations . | . . . . . . . Robots Disrupted . | . . . . . . . Combat Hostiles . | . . . . . . . Robots Corrupted 2 | . . . . . . 2 Combat Hostiles . | . . . . . . . Parts Fried 1 | . . . . . . 1 Impact Corruptions 3 | . . . . . . 3 Robots Melted . | . . . . . . . Combat Hostiles . | . . . . . . . Parts Melted 10 | . . . . . 2 8 Heat Transferred 2000 | . . . . . 720 1280 Parts Sabotaged . | . . . . . . . Parts Stolen . | . . . . . . . Parts Stripped . | . . . . . . . Power Chain Reactions . | . . . . . . . Alert | -11 -10 -10 -10 -9 -8 -7 ------- Run | Yrd Mat Min Exi Min Mat Fac Maximum Alert Level . | . . . . . . . Low Security (%) 100 | . 100 100 . 100 100 100 Level 1 . | . . . . . . . Level 2 . | . . . . . . . Level 3 . | . . . . . . . Level 4 . | . . . . . . . Level 5 . | . . . . . . . High Security . | . . . . . . . Max Security . | . . . . . . . Peak Influence 178 | . . 82 . 21 136 178 Initial 35 | . . . . . . 35 Average 48 | . . 60 . 1 64 44 Influence Increases 990 | . . 89 . 21 391 489 Destroy 0b10 Robot/C 380 | . . 60 . 20 200 100 Destroy 0b10 Robot/NC 60 | . . . . . 30 30 Destroy Leader 132 | . . 10 . . 64 58 Allied During Kill 24 | . . . . 1 23 . Successful Hack 12 | . . . . . . 12 Disable Machine 15 | . . . . . . 15 Destroy Structure 82 | . . 19 . . 29 34 Partial Spotted 135 | . . . . . 30 105 Lose Combat Pursuer 150 | . . . . . 15 135 Influence Decreases 802 | . . 50 39 21 312 380 Entered New Map 83 | . . . 39 . . 44 Time Decay 680 | . . 50 . 21 283 326 Lost Part 10 | . . . . . . 10 Lost Ally 29 | . . . . . 29 . Squads Dispatched 8 | . . . . 1 . 7 Investigation 4 | . . . . 1 . 3 Extermination 3 | . . . . . . 3 Reinforcement 1 | . . . . . . 1 Assault . | . . . . . . . Garrison . | . . . . . . . Intercept . | . . . . . . . Searches Triggered . | . . . . . . . Construction Impeded . | . . . . . . . Haulers Reinforced 1 | . . . . . . 1 Active Scanning Responses . | . . . . . . . Cargo Convoy Interrupts . | . . . . . . . Stealth | -11 -10 -10 -10 -9 -8 -7 --------- Run | Yrd Mat Min Exi Min Mat Fac Distress Signals 2 | . . . . 1 1 . Communications Jammed . | . . . . . . . Distress Signals . | . . . . . . . Times Spotted 38 | . . 3 . 1 17 17 Peak Tracking Total 7 | . . 3 . 1 5 7 Tactical Retreats 6 | . . . . . 1 5 Traps | -11 -10 -10 -10 -9 -8 -7 ------- Run | Yrd Mat Min Exi Min Mat Fac Traps Triggered 1 | . . . . . . 1 Indirectly . | . . . . . . . Trap Hack Attempts . | . . . . . . . Triggered . | . . . . . . . Disarmed . | . . . . . . . Reprogrammed . | . . . . . . . Reused . | . . . . . . . Traps Extracted . | . . . . . . . Installed . | . . . . . . . Triggered . | . . . . . . . Machines | -11 -10 -10 -10 -9 -8 -7 ---------- Run | Yrd Mat Min Exi Min Mat Fac Machines Disabled 1 | . . . . . . 1 Max in Single Turn 1 | . . . . . . 1 Garrison Access 1 | . . . . . . 1 Machines Repaired . | . . . . . . . Machines Dismantled . | . . . . . . . Machines Sabotaged . | . . . . . . . Overloaded Fab Kills . | . . . . . . . Hacking | -11 -10 -10 -10 -9 -8 -7 --------- Run | Yrd Mat Min Exi Min Mat Fac Machines Accessed 16 | . . . 1 2 4 9 Terminals 4 | . . . . . 2 2 Fabricators 2 | . . . . . . 2 Repair Stations 1 | . . . . . 1 . Recycling Units 2 | . . . . . . 2 Scanalyzers 2 | . . . . . 1 1 Garrison Access 2 | . . . . . . 2 Total Hacks 32 | . . . 1 2 9 20 Successful 15 | . . . 1 2 4 8 Failed 17 | . . . . . 5 12 Catastrophic 4 | . . . . . 2 2 Database Lockouts . | . . . . . . . Manual 13 | . . . 1 . 5 7 Terminals 11 | . . . . . 5 6 Fabricators 3 | . . . . . . 3 Repair Stations 3 | . . . . . 3 . Recycling Units 3 | . . . . . . 3 Scanalyzers 5 | . . . . . 1 4 Garrison Access 4 | . . . . . . 4 Terminal Hacks 3 | . . . 1 2 . . Open Door 2 | . . . . 2 . . Proto ID Catalog 1 | . . . 1 . . . Fabricator Hacks 2 | . . . . . . 2 Network Status 2 | . . . . . . 2 Repair Station Hacks 2 | . . . . . 2 . Scan Component 1 | . . . . . 1 . Repair 1 | . . . . . 1 . Recycling Unit Hacks 1 | . . . . . . 1 Report Inventory 1 | . . . . . . 1 Scanalyzer 3 | . . . . . 1 2 Insert Component 2 | . . . . . 1 1 Analyze 1 | . . . . . . 1 Garrison Access Hacks 1 | . . . . . . 1 Seal Access 1 | . . . . . . 1 Unauthorized Hacks 3 | . . . . . 1 2 Terminals 2 | . . . . . 1 1 Botnet 2 | . . . . . 1 1 Fabricators . | . . . . . . . Repair Stations . | . . . . . . . Recycling Units 1 | . . . . . . 1 Recyclers 1 | . . . . . . 1 Scanalyzers . | . . . . . . . Garrison Access . | . . . . . . . Data Cores Recovered . | . . . . . . . Used . | . . . . . . . Hacking Detections 8 | . . . . . 3 5 Full Trace Events 3 | . . . . . 1 2 Feedback Events 1 | . . . . . 1 . Corruption 1 | . . . . . 1 . Feedback Blocked . | . . . . . . . Robot Schematics Acquired . | . . . . . . . Robots Built . | . . . . . . . Authchips . | . . . . . . . Time . | . . . . . . . Total Robot Build Rating . | . . . . . . . Part Schematics Acquired 1 | . . . . . . 1 Parts Built . | . . . . . . . Authchips . | . . . . . . . Time . | . . . . . . . Total Part Build Rating . | . . . . . . . Parts Repaired 1 | . . . . . 1 . Time 26 | . . . . . 26 . Parts Recycled . | . . . . . . . Recycled Matter . | . . . . . . . Retrieved Matter . | . . . . . . . Retrieved Components . | . . . . . . . Parts Scanalyzed 1 | . . . . . . 1 Part Schematics Acquired 1 | . . . . . . 1 Parts Damaged . | . . . . . . . Bothacking | -11 -10 -10 -10 -9 -8 -7 ------------ Run | Yrd Mat Min Exi Min Mat Fac Used RIF Installer . | . . . . . . . Robots Hacked . | . . . . . . . Non-combat . | . . . . . . . Combat . | . . . . . . . Robot Hacks Applied . | . . . . . . . Relay Couplers Released . | . . . . . . . Fabnet Peak Effective % . | . . . . . . . Robots Rewired . | . . . . . . . Allies Hacked . | . . . . . . . Hacks Repelled . | . . . . . . . Allies | -11 -10 -10 -10 -9 -8 -7 -------- Run | Yrd Mat Min Exi Min Mat Fac Total Allies 2 | . . . . 2 . . Largest Group 2 | . . . . 2 1 . Highest-Rated Group 45 | . . . . 45 31 . Highest-Rated Ally 31 | . . . . 31 31 . Total Orders . | . . . . . . . Ally Attacks 34 | . . . . 2 32 . Total Damage 1560 | . . . . 22 1538 . Kills 8 | . . . . 1 7 . Allies Corrupted . | . . . . . . . Allies Melted . | . . . . . . . Turrets Deployed 1 | . . . . . 1 . Intel | -11 -10 -10 -10 -9 -8 -7 ------- Run | Yrd Mat Min Exi Min Mat Fac Active Infowar (turns) 1096 | . . . . . 43 1053 Sensors 844 | . . . . . . 844 Seismic 1096 | . . . . . 43 1053 Robot Analysis Total . | . . . . . . . Derelict Logs Recovered 1 | . . . . 1 . . Drone Launches . | . . . . . . . Drone Recoveries . | . . . . . . . Exploration | -11 -10 -10 -10 -9 -8 -7 ------------- Run | Yrd Mat Min Exi Min Mat Fac Turns Passed 2589 | . 68 118 137 214 956 1096 Spaces Moved 3889 | 1 45 214 259 373 1113 1884 Core 2201 | . 44 211 259 373 1111 203 Treads 6 | . 1 3 . . 2 . Legs 1 | 1 . . . . . . Wheels . | . . . . . . . Hover 1681 | . . . . . . 1681 Flight . | . . . . . . . Fastest Speed 22 | 120 50 50 50 50 50 22 Average Speed 50 | 120 119 51 50 50 59 43 Slowest Speed 250 | 120 250 160 50 50 200 70 Overloaded Moves 17 | . . . . . . 17 Propulsion Burnouts . | . . . . . . . Robots Hopped . | . . . . . . . Potential Cave-ins . | . . . . . . . Cave-ins Triggered . | . . . . . . . Exploration Rate (%) 39 | 2 13 47 62 69 47 36 Regions Visited 6 Branch Regions 3 Pre-discovered Areas . | . . . . . . . Known Exits Taken . | . . . . . . . Unknown Exits Taken 6 | 1 1 1 1 1 1 . Scrap Searched 1 | . . . . 1 . . Spaces Dug 56 | . . 7 . . 18 31 Terrain Destroyed 85 | . . 26 . . 27 32 Melee 6 | . . . . . . 6 Projectile 31 | . . . . . 5 26 AOE 48 | . . 26 . . 22 . Terrain Rammed . | . . . . . . . Walls Destroyed . | . . . . . . . Machines Disabled . | . . . . . . . Actions | -11 -10 -10 -10 -9 -8 -7 --------- Run | Yrd Mat Min Exi Min Mat Fac Total 4380 | . 65 217 267 397 1363 2071 Wait 261 | . . . . 21 155 85 Move 3883 | . 44 213 258 372 1112 1884 Hop . | . . . . . . . Pick Up 9 | . 2 . 3 . 2 2 Fast Attach 36 | . 2 . 1 3 15 15 Attach 8 | . . . . . 7 1 Detach 21 | . 5 . 2 . 10 4 Swap 6 | . 1 1 . . 1 3 Drop 36 | . 11 . 3 . 11 11 Fire 96 | . . 3 . 1 48 44 Melee 22 | . . . . . . 22 Ram 1 | . . . . . 1 . Kick . | . . . . . . . Crush 1 | . . . . . 1 . Escape Stasis . | . . . . . . . Rewire . | . . . . . . . Trap . | . . . . . . . Miscellaneous . | . . . . . . . Route ------- -11/Scrapyard -10/Materials -10/Mines -10/Exiles -9/Mines -8/Materials (discovered 2 exits: *Fac x2) -7/Factory (discovered 3 exits: [*Fac] / [*Low x2]) History --------- Turn | Location | Event 1 | -11/Scrapyard | Discovered new exit (range 0) 1 | -11/Scrapyard | Entered Materials 1 | -10/Materials | Discovered new exit (range 14) 69 | -10/Materials | Entered Mines 184 | -10/Mines | Deemed a non-threat by the Exiles lab entrance 185 | -10/Mines | Discovered new exit (range 5) 187 | -10/Mines | Entered Exiles 200 | -10/Exiles | Met 8R-AWN 208 | -10/Exiles | Met EX-HEX 222 | -10/Exiles | Met EX-BIN 229 | -10/Exiles | Aligned with FarCom system 230 | -10/Exiles | Given EX-Vault access code 243 | -10/Exiles | Opened EX-Vault 247 | -10/Exiles | Found Gui. Plasma Cannon 250 | -10/Exiles | Found YOLO Cannon 260 | -10/Exiles | Warned to stay clear of 0b10 Research branches 269 | -10/Exiles | Exiles lab attacked by MAIN.C 270 | -10/Exiles | Found Deploy-a-Sentry 272 | -10/Exiles | Found Deploy-a-Sentry 312 | -10/Exiles | Build established: Mutant 315 | -10/Exiles | Discovered new exit (range 14) 324 | -10/Exiles | Stole three prototypes: Gui. Plasma Cannon, YOLO Cannon, Deploy-a-Sentry 324 | -10/Exiles | Entered Mines 341 | -9/Mines | Learned 2 Materials zone layouts 389 | -9/Mines | Met a Derelict shopkeep closing up shop 413 | -9/Mines | Assembled infested the area 505 | -9/Mines | Discovered new exit (range 15) 511 | -9/Mines | Found the Drone Emporium 538 | -9/Mines | Entered Materials 538 | -8/Materials | Accompanied by 1 ally 538 | -8/Materials | Evolved 4 slots: Propulsion x2, Utility x2 543 | -8/Materials | Led the pair of lost Derelicts to an unsafe place 573 | -8/Materials | Repaired Lgt. Assault Rifle 821 | -8/Materials | DAS Turret deployed 1154 | -8/Materials | Discovered new exit (range 8) 1368 | -8/Materials | Discovered new exit (range 14) 1494 | -8/Materials | Entered Factory 1494 | -7/Factory | Evolved 2 slots: Utility x2 1496 | -7/Factory | FarCom data flow suspended 1791 | -7/Factory | Discovered new exit (range 9) 2255 | -7/Factory | Discovered new exit (range 3) 2259 | -7/Factory | Discovered new exit (range 12) 2305 | -7/Factory | Build established: Hacker-Mutant 2590 | -7/Factory | Self-destructed Last Messages --------------- 02453_ Acquired 46 matter. 02473_ R-06 Scavenger collects Gravmag System. 02475_ Imp. Heat Sink melted. 02475_ P-60 Hacker destroyed. 02475_ U-05 Engineer builds a Wall. 02477_ R-06 Scavenger collects Gravmag System. 02479_ Acquired 4 matter. 02481_ R-06 Scavenger collects Mic. Nuclear Core. 02481_ K-01 Serf collects debris. 02483_ System corrupted: Substantial component data lost. 02488_ Connecting with Garrison Access... >>Seal Access door sealed. 02491_ K-01 Serf collects debris. 02539_ : CW 7G&OOUT<4VY18YDAALIDFD42SGA> 02556_ System corrupted: Energy discharge (-36). 02586_ Recalibrator destroyed. 02588_ VTOL Module melted. 02588_ Autogun melted. 02588_ S-27 Virus destroyed. Map ----- +----------------------------------------------------+ | ???# #?# #??? ?????? ??### # !!# | | ???# #?#[ #??? ?????? ????# # !!# | | ???# #?########??? ?????? ????# # # | | ???# #???????????# #????? #???# # # | | ???# #?########### #????? #???# # # | | ???# #?# # #????# #???# ######## | | ???# #?#[ """" # #????# #???# ! | | ???# #?# """" # #????# #???# | | ???# #?# """" # #????# #???#"" """ " """ | | ???# #?# """" # #???## ##??#"F """ ""??? | | ???# #?# """" # ##### #??#""" """ """?? | | ???# #?#! """" + " #??#""" | | ???# #?# ####### #??# """ """ """?? | | ####+######+######?????## ##??# """ """ "???? | | #??# #???????????# #???# """ """?????? | | """""" #??# #???????????# #???# ?? | | """""" #??# #???????????# #???# """ """ """ ""??? | | """""" #### #???????????# #???# """ """ ""??????? | | """""" + #???????????# ##### """ """ """?????? | | ######???????????# s ??? | | """""" #????????????????# ??? | | """""" #????????????????# ##########?????? | | """""" #????????????????#%######+##??????????????? | | """""" #????????????????# #??????????????????????? | | #????????????????# #??????????????????????? | | #????????????????#@#??????????????????????? | | #+######??########??????# #??????????????????????? | | # #????? #??????# #??????????????????????? | | # #????# #??????# #??????????????????????? | | # #????# #??????# #??????????????????????? | | # #????# #??????# #??????????????????????? | | # ###### """"" #??????# #??????????????????????? | | ## """"" #??????# #??????????????????????? | | ### """ ###????# #??????????????????????? | | ### ######+###????????????????????? | | ## """"" ## #????????????????????? | | ^ ^ ## """"" ## #????????????????????? | | ### """ ?## #????????????????????? | | #?# ## """"""" #????????????????????? | | #?# ## """"""" #????????????????????? | | #?# ## """"""" #????????????????????? | | #?# ## "" """" #????????????????????? | | #?# !/! ## [% % #????????????????????? | | #######+#########+##############+#??????????? | | = % ??????? | | ^ ??????? | | ??????? | | """""" ############+################# ???????? | | """""" # # #????? [????????????? | | """""" ] # #""" #????? ????????????? | +----------------------------------------------------+ Best States ------------- Heat Dissipation 34 Energy Generation 14 Energy Capacity 250 Matter Stores 300 Matter Capacity 300 Sight Range 16 Robot Scan Range 15 Terrain Scan Density 10 Evasion (%) 60 Melee Accuracy 12 Core Analysis 6 Recoil Reduction 3 Offensive Hacking 10 Defensive Hacking 20 Item Schematics ----------------- Imp. Cesium-ion Thruster | -7/Factory | Scanalyzed Robot Schematics ------------------ None Fabricated ------------ Nothing Repaired ---------- Lgt. Assault Rifle | 56% | -8/Materials Alien Tech Used ----------------- None Achievements -------------- None Challenges ------------ None Game ------ Seed MasterMicroRifle Manual? 0 Play Time 00:40:43 Cumulative 214.8 hours Start 2025.10.19 @ 21:57:41 End 2025.10.20 @ 00:00:45 Sessions 2 Manual Loads 0 Difficulty Rogue Special Mode None Game No. 220 Rogue 220 Adventurer 0 Explorer 0 Win Type - Total 3 Types 3/0/0/0/0/0/0/0/0/0 Lore% 73 Gallery% 70 Achievement% 66 Wizard Run 0 Options --------- Layout 0 ASCII 1 Keyboard 1 Movement Vi Keybinds 0 Fullscreen 1 Font 18/SmallcapsGlow Map View 76x50 Zoom Use 0% Tactical HUD 1 Map Filters NONE Filters NONE Steam X RUN: e4bbcfe8-beda-4659-9acb-ed692a0c0231